 Dungeon Crawl Stone Soup version 0.27.1-4-g1640c2035a (webtiles) character file.

Game seed: 14874768552468660405

49 FreshCat the Cudgeller (level 3, 0/36 HPs)
             Began as a Troll Chaos Knight on Nov 2, 2021.
             Was a Plaything of Xom.
             Succumbed to an adder's poison
             ... on level 2 of the Dungeon.
             The game lasted 00:04:11 (881 turns).

FreshCat the Cudgeller (Troll Chaos Knight)          Turns: 881, Time: 00:04:12

Health: 0/36       AC:  6    Str: 17 (20) XL:     3   Next: 53%
Magic:  2/2        EV:  9    Int:  7 (8)  God:    Xom [..*...]
Gold:   83         SH:  0    Dex:  7 (10) Spells: 2/2 levels left

rFire    . . .     SeeInvis .   a - +0 mace (chaos)
rCold    . . .     Faith    .   (no shield)
rNeg     . . .     Spirit   .   b - +2 robe
rPois    .         Reflect  .   (helmet restricted)
rElec    .         Harm     .   (no cloak)
rCorr    .         Rampage  .   (gloves unavailable)
Will     .....                  (boots unavailable)
Stlth    +.........             (no amulet)
HPRegen  1.12/turn              (no ring)
MPRegen  0.08/turn              (no ring)

@: lethally poisoned (0 -> -2)
A: large, unfitting armour, claws 3, regeneration 1, shaggy fur 1, tough skin 1
a: Renounce Religion


You were on level 2 of the Dungeon.
You worshipped Xom.
You were a toy of Xom.
You visited 1 branch of the dungeon, and saw 3 of its levels.

You collected 83 gold pieces.

Inventory:

Hand Weapons
 a - a +0 mace of chaos (weapon)
Missiles
 g - 13 poisoned darts (quivered)
Armour
 b - a +2 robe (worn)
Scrolls
 e - a scroll of enchant armour {unknown}
 f - a scroll of enchant weapon {unknown}
Potions
 d - a potion of degeneration


   Skills:
 + Level 2.9 Fighting
 + Level 3.4 Maces & Flails
 + Level 2.2 Dodging


You had 2 spell levels left.
You didn't know any spells.
Your spell library was empty.

Dungeon Overview and Level Annotations

Branches:
Dungeon (3/15)

Altars:

Annotations:
D:1 exclusion: yaktaur


Innate Abilities, Weirdness & Mutations

You are too large for most types of armour.
You have claws for hands.
Your natural rate of healing is unusually fast.
You are covered in fur. (AC +1)
You have tough skin. (AC +1)


Message History

The adder barely misses you. Something bites you. The adder bites you.
You are poisoned.
The adder poisons you!
You barely miss something.
You feel very sick.
Something bites you but does no damage. x2; The adder closely misses you.
Something bites you.
* * * LOW HITPOINT WARNING * * *
The adder bites you but does no damage.
You closely miss something.
You feel sick. Something bites you.
* * * LOW HITPOINT WARNING * * *
The adder barely misses you. Something bites you but does no damage.
It was a potion of degeneration.
There was something very wrong with that liquid.
You feel weakened.
You feel dopey.
You feel clumsy.
You feel sick. Something bites you but does no damage.
The adder bites you but does no damage. Something bites you but does no damage.
Okay, then.
It was a potion of cancellation.
You feel magically purged.
You feel sick. The adder barely misses you.
Something bites you but does no damage. The adder barely misses you.
You hit something.
Reactivating autopickup.
You feel a bit more experienced.
You feel sick. The adder bites you.
* * * LOW HITPOINT WARNING * * *
You are more poisoned.
The adder poisons you!
You miss the adder.
The adder is lightly wounded.
You feel sick. The adder barely misses you. x2
You hit the adder.
The adder is poisoned.
The adder is moderately wounded.
You feel sick. The adder bites you.
* * * LOW HITPOINT WARNING * * *
You are lethally poisoned!
The adder poisons you! The adder barely misses you.
You completely miss the adder.
The adder is severely wounded.
You die...
Xom titters!

#.......#
#.......##########
#................#
#................#
#................#
#................#
#.....S..........#######
#......@.........†......
#...............†#######
#######..........#
#..........#
#..........#
######'##### #.#
#.######### #...†.....#


You could see an adder (very poisoned).

Vanquished Creatures
  An adder (D:2)
  2 dart slugs
  2 giant cockroaches (D:1)
  3 goblins (D:1)
  3 hobgoblins
  3 kobolds
  4 quokkas
  5 ball pythons
  5 bats
  2 frilled lizards (D:1)
  4 rats
34 creatures vanquished.

Notes
Turn   | Place    | Note
-------+----------+-------------------------------------------
     0 | D:1      | FreshCat the Troll Chaos Knight began the quest for the
                  | Orb.
     0 | D:1      | Reached XP level 1. HP: 22/22 MP: 0/0
   129 | D:1      | Reached XP level 2. HP: 29/29 MP: 1/1
   129 | D:1      | XOM: divination: detect creatures
   132 | D:1      | Reached skill level 3 in Maces & Flails
   467 | D:1      | Reached XP level 3. HP: 36/36 MP: 2/2
   468 | D:1      | Noticed a shapeshifter
   468 | D:1      | a kobold changed into a shapeshifter
   468 | D:1      | XOM: divination: detect creatures
   468 | D:1      | a shapeshifter changed into something unseen
   470 | D:1      | Noticed a yaktaur
   474 | D:1      | Found a faded altar of an unknown god.
   684 | D:2      | XOM: god gift: 41 gold pieces
   881 | D:2      | Succumbed to an adder's poison

Illustrated notes

Levels and vault maps discovered:
D:1:      ncdulo_watergridlock, layout_basic,
          dilly_ecumenical_altar_fadedgnrine, chequers_garden,
          minmay_octomino_c4
D:2:      layout_basic
D:3:      layout_basic

Skill      XL: |  1  2 |
---------------+-------+-----
Dodging        | 2 |  2.2
Maces & Flails | 3 |  3.4
Fighting       | |  2.9

Action                   || total
-------------------------++-------
Melee: Mace              ||   118
  Use: Scroll            ||     2
       Potion            ||     2
 Stab: Sleeping          ||     1
Armor: Robe              ||    81
Dodge: Dodged            ||    72
